Newfoundland Shamrocks vs Ste. Rose Royals
Created - Saturday, April 1, 2023 at 11:08
Goals
|
| Newfoundland Shamrocks |
2 |
1 |
1 |
4 |
| Ste. Rose Royals |
1 |
3 |
2 |
6 |
|
Shots
|
| Newfoundland Shamrocks |
12 |
15 |
12 |
39 |
| Ste. Rose Royals |
5 |
9 |
16 |
30 |
|
1st period
1. Ste. Rose Royals , Colin Blackwell 7 (Kaapo Kakko 16) at 7:04
2. Newfoundland Shamrocks , Sean Monahan 3 (Nicolas Deslauriers 12, Max Comtois 7) at 17:55
3. Newfoundland Shamrocks , Tanner Laczynski 6 (Riley Barber 1, Max Comtois 8) at 18:52
Penalties :
Alec Regula (NFS) for Holding (Minor) at 8:15, Ville Heinola (NFS) for Elbowing (Minor) at 13:38
2nd period
4. Ste. Rose Royals , Derek Ryan 8 (Mike Reilly 9, Kaapo Kakko 17) at 1:50
5. Newfoundland Shamrocks , Sean Monahan 4 (Denis Gurianov 3, Alec Regula 5) at 6:42
6. Ste. Rose Royals , Ryan Poehling 9 (Matthew Peca 9, Greg Pateryn 3) at 16:24
7. Ste. Rose Royals , Noel Acciari 15 (Jaycob Megna 10, Mike Reilly 10) at 16:32
Penalties :
Grigori Denisenko (BWK) for Fighting (Major) at 4:42, Sam Poulin (NFS) for Fighting (Major) at 4:42, Alec Regula (NFS) for Holding Stick (Minor) at 7:26, Ville Heinola (NFS) for Holding (Minor) at 13:36
3rd period
8. Newfoundland Shamrocks , Raphael Lavoie 3 (Max Comtois 9, Nicolas Deslauriers 13) at 3:26
9. Ste. Rose Royals , Joel Armia 16 (Noel Acciari 16, Trevor Lewis 8) at 13:52 (PP)
10. Ste. Rose Royals , Noel Acciari 16 (Joel Armia 16, Mark Borowiecki 5) at 17:45
Penalties :
Noel Acciari (BWK) for Tripping (Minor) at 4:33, Ville Heinola (NFS) for High sticking (Minor) at 10:33, Ville Heinola (NFS) for Roughing (Minor) at 13:40
Goalie Stats
Louis Domingue (NFS), 24 saves from 30 shots - (0.800), L, 2-5-3, 60:00 minutes
Pavel Francouz (BWK), 35 saves from 39 shots - (0.897), W, 1-0-0, 60:00 minutes
Players Stats for Newfoundland Shamrocks
Player Name G A P +/- PIM S H SB GA TA FO MP PP MP PK MP
------------------------------------------------------------------------------------
Alec Regula 0 1 1 0 4 0 3 1 0 0 0/0 17:55 0:00 2:48
Alex Chiasson 0 0 0 1 0 3 3 0 0 0 0/0 18:06 0:58 0:54
Denis Gurianov 0 1 1 1 0 7 1 0 0 0 1/1 17:02 0:58 0:00
Drew O'Connor 0 0 0 0 0 1 2 0 1 0 1/2 15:20 0:00 5:26
Dylan Coghlan 0 0 0 0 0 0 0 1 1 1 0/0 25:49 0:00 5:32
Filip Hallander 0 0 0 0 0 4 4 0 0 0 0/0 11:13 0:00 3:15
Jacob Bernard-Docker 0 0 0 -1 0 1 1 3 0 0 0/0 14:06 1:05 0:16
Jon Merrill 0 0 0 0 0 1 4 1 0 1 0/0 25:37 0:00 5:36
Max Comtois 0 3 3 -2 0 4 4 0 0 1 0/0 15:02 0:58 0:00
Nicolas Deslauriers 0 2 2 -2 0 5 1 0 0 0 2/3 16:18 0:54 1:54
Raphael Lavoie 1 0 1 -2 0 3 2 0 0 0 6/11 14:26 0:58 0:00
Riley Barber 0 1 1 0 0 0 0 0 2 1 0/0 10:43 0:58 0:00
Sam Poulin 0 0 0 0 5 1 0 0 0 0 0/0 8:19 1:05 0:00
Sean Monahan 2 0 2 1 0 5 2 0 0 0 20/32 21:50 0:06 5:20
Semyon Der-Arguchintsev 0 0 0 0 0 1 1 0 0 0 4/8 8:00 0:58 0:00
Tanner Laczynski 1 0 1 0 0 2 1 1 1 0 3/6 14:58 0:03 3:25
Ville Heinola 0 0 0 0 8 1 0 0 0 1 0/0 18:35 0:54 1:31
Wyatte Wylie 0 0 0 -1 0 0 0 1 0 0 0/0 16:27 0:00 4:31
Players Stats for Ste. Rose Royals
Player Name G A P +/- PIM S H SB GA TA FO MP PP MP PK MP
------------------------------------------------------------------------------------
Brendan Perlini 0 0 0 0 0 2 0 0 0 1 0/0 7:07 0:09 0:44
Colin Blackwell 1 0 1 0 0 2 0 0 0 0 0/1 17:56 4:42 0:00
Derek Ryan 1 0 1 0 0 3 1 0 0 0 5/10 18:34 4:42 0:44
Greg Pateryn 0 1 1 1 0 1 1 0 1 1 0/0 19:27 4:29 0:47
Grigori Denisenko 0 0 0 0 5 2 2 0 0 0 0/0 5:59 0:00 0:12
Jaycob Megna 0 1 1 2 0 0 0 0 0 2 0/0 29:25 5:38 1:12
Joel Armia 1 1 2 2 0 4 1 0 0 0 1/2 21:02 5:09 0:00
Joel Hanley 0 0 0 -2 0 0 0 0 0 0 0/0 11:08 0:00 0:00
Kaapo Kakko 0 2 2 0 0 5 1 0 0 0 0/1 18:09 4:49 0:00
Klim Kostin 0 0 0 -1 0 0 1 0 0 0 0/0 12:01 0:00 0:00
Kristian Vesalainen 0 0 0 0 0 0 3 0 0 0 0/3 3:27 0:16 0:00
Mark Borowiecki 0 1 1 1 0 1 2 6 0 0 0/0 19:27 4:29 0:47
Matthew Peca 0 1 1 -1 0 1 1 0 0 0 3/6 13:09 0:16 0:12
Mike Reilly 0 2 2 2 0 2 2 3 1 1 0/0 29:25 5:38 1:12
Nathan Beaulieu 0 0 0 -2 0 0 0 0 0 0 0/0 11:08 0:00 0:00
Noel Acciari 2 1 3 2 2 3 0 2 0 0 15/36 25:06 5:09 0:00
Ryan Poehling 1 0 1 -1 0 2 1 0 0 0 0/1 13:30 0:00 1:03
Trevor Lewis 0 1 1 2 0 2 1 0 3 0 2/3 21:59 5:09 1:03
3 Stars
1 - Noel Acciari (BWK)
2 - Joel Armia (BWK)
3 - Sean Monahan (NFS)
Power Play
Newfoundland Shamrocks - 0 on 1 Attempt(s) - 0.00%
Ste. Rose Royals - 1 on 6 Attempt(s) - 16.67%
Penalty Kill
Newfoundland Shamrocks - 5 on 6 Attempt(s) - 83.33%
- Score 0 goal in Penalty Kill
Ste. Rose Royals - 1 on 1 Attempt(s) - 100.00%
- Score 0 goal in Penalty Kill
Team Stat
Newfoundland Shamrocks - Hits : 29 - Faceoff Wins : 37 - Blocked Shots : 8 - Penalty Minutes : 17
Ste. Rose Royals - Hits : 17 - Faceoff Wins : 26 - Blocked Shots : 11 - Penalty Minutes : 7
Official
Referees : Graham Skiliter and TJ Luxmore
Linesman : Thor Nelson and Jay Sharrers
Game Notes
Grigori Denisenko and Sam Poulin fight to a draw at 4:42 of 2nd period
Newfoundland Shamrocks
5 vs 5 Forward
Center Left Wing Right Wing Time % Phy DF OF
1 Sean Monahan Denis Gurianov Alex Chiasson 40 1 2 2
2 Raphael Lavoie Max Comtois Nicolas Deslauriers 30 1 2 2
3 Tanner Laczynski Drew O'Connor Riley Barber 20 1 2 2
4 Semyon Der-Arguchintsev Filip Hallander Sam Poulin 10 1 2 2
5 vs 5 Defense
Defense Defense Time % Phy DF OF
1 Jon Merrill Dylan Coghlan 40 1 2 2
2 Alec Regula Ville Heinola 30 1 2 2
3 Jacob Bernard-Docker Wyatte Wylie 20 1 2 2
4 Jon Merrill Dylan Coghlan 10 1 2 2
PowerPlay Forward
Center Left Wing Right Wing Time % Phy DF OF
1 Raphael Lavoie Max Comtois Alex Chiasson 60 1 2 2
2 Semyon Der-Arguchintsev Denis Gurianov Riley Barber 40 1 2 2
PowerPlay Defense
Defense Defense Time % Phy DF OF
1 Sam Poulin Jacob Bernard-Docker 60 1 2 2
2 Nicolas Deslauriers Ville Heinola 40 1 2 2
Penalty Kill 4 Players Forward
Center Wing Time % Phy DF OF
1 Sean Monahan Drew O'Connor 60 1 2 2
2 Tanner Laczynski Filip Hallander 40 1 2 2
Penalty Kill 4 Players Defense
Defense Defense Time % Phy DF OF
1 Jon Merrill Dylan Coghlan 60 1 2 2
2 Wyatte Wylie Alec Regula 40 1 2 2
Penalty Kill - 3 Players Forward
Forward Time % Phy DF OF
1 Sean Monahan 60 1 2 2
2 Tanner Laczynski 40 1 2 2
Penalty Kill - 3 Players Defense
Defense Defense Time % Phy DF OF
1 Jon Merrill Dylan Coghlan 60 1 2 2
2 Alec Regula Wyatte Wylie 40 1 2 2
4 vs 4 Forward
Center Wing Time % Phy DF OF
1 Sean Monahan Alex Chiasson 60 1 2 2
2 Semyon Der-Arguchintsev Denis Gurianov 40 1 2 2
4 vs 4 Defense
Defense Defense Time % Phy DF OF
1 Jon Merrill Dylan Coghlan 60 1 2 2
2 Alec Regula Ville Heinola 40 1 2 2
Last Minutes Offensive
Center Left Wing Right Wing Defense Defense
Raphael Lavoie Max Comtois Sam Poulin Jon Merrill Alec Regula
Last Minutes Defensive
Center Left Wing Right Wing Defense Defense
Tanner Laczynski Alex Chiasson Nicolas Deslauriers Jon Merrill Alec Regula
Goaltenders
Starting : Louis Domingue
Backup : Dustin Tokarski
Extra Forwards
Normal : Max Comtois, Sean Monahan, Denis Gurianov - PP : Sean Monahan, Tanner Laczynski - PK : Nicolas Deslauriers
Extra Defensemen
Normal : Alec Regula, Jon Merrill, Dylan Coghlan - PP : Wyatte Wylie - PK : Ville Heinola, Jacob Bernard-Docker
Penalty Shots
Alex Chiasson, Max Comtois, Nicolas Deslauriers, Riley Barber, Filip Hallander
Ste. Rose Royals
5 vs 5 Forward
Center Left Wing Right Wing Time % Phy DF OF
1 Noel Acciari Joel Armia Trevor Lewis 40 1 2 2
2 Derek Ryan Colin Blackwell Kaapo Kakko 30 1 2 2
3 Matthew Peca Ryan Poehling Klim Kostin 20 1 2 2
4 Noel Acciari Brendan Perlini Grigori Denisenko 10 1 2 2
5 vs 5 Defense
Defense Defense Time % Phy DF OF
1 Jaycob Megna Mike Reilly 40 1 2 2
2 Mark Borowiecki Greg Pateryn 30 1 2 2
3 Nathan Beaulieu Joel Hanley 20 1 2 2
4 Jaycob Megna Mike Reilly 10 1 2 2
PowerPlay Forward
Center Left Wing Right Wing Time % Phy DF OF
1 Noel Acciari Joel Armia Trevor Lewis 60 1 2 2
2 Derek Ryan Colin Blackwell Kaapo Kakko 40 1 2 2
PowerPlay Defense
Defense Defense Time % Phy DF OF
1 Jaycob Megna Mike Reilly 60 1 2 2
2 Mark Borowiecki Greg Pateryn 40 1 2 2
Penalty Kill 4 Players Forward
Center Wing Time % Phy DF OF
1 Noel Acciari Trevor Lewis 60 1 2 2
2 Derek Ryan Joel Armia 40 1 2 2
Penalty Kill 4 Players Defense
Defense Defense Time % Phy DF OF
1 Jaycob Megna Mike Reilly 60 1 2 2
2 Mark Borowiecki Greg Pateryn 40 1 2 2
Penalty Kill - 3 Players Forward
Forward Time % Phy DF OF
1 Noel Acciari 60 1 2 2
2 Trevor Lewis 40 1 2 2
Penalty Kill - 3 Players Defense
Defense Defense Time % Phy DF OF
1 Jaycob Megna Mike Reilly 60 1 2 2
2 Mark Borowiecki Greg Pateryn 40 1 2 2
4 vs 4 Forward
Center Wing Time % Phy DF OF
1 Noel Acciari Trevor Lewis 60 1 2 2
2 Derek Ryan Joel Armia 40 1 2 2
4 vs 4 Defense
Defense Defense Time % Phy DF OF
1 Jaycob Megna Mike Reilly 60 1 2 2
2 Mark Borowiecki Greg Pateryn 40 1 2 2
Last Minutes Offensive
Center Left Wing Right Wing Defense Defense
Noel Acciari Joel Armia Trevor Lewis Jaycob Megna Mike Reilly
Last Minutes Defensive
Center Left Wing Right Wing Defense Defense
Noel Acciari Joel Armia Trevor Lewis Jaycob Megna Mike Reilly
Goaltenders
Starting : Pavel Francouz
Backup : Chris Driedger
Extra Forwards
Normal : Kristian Vesalainen, Matthew Peca, Ryan Poehling - PP : Kristian Vesalainen, Matthew Peca - PK : Ryan Poehling
Extra Defensemen
Normal : Nathan Beaulieu, Joel Hanley, Mark Borowiecki - PP : Nathan Beaulieu - PK : Joel Hanley, Mark Borowiecki
Penalty Shots
Noel Acciari, Trevor Lewis, Derek Ryan, Joel Armia, Kaapo Kakko
% Time on Ice - Newfoundland Shamrocks
Lines # - Real PCT - Wanted PCT - Time Play
Normal Forward
1 - 35% - 40% - 16:41
2 - 30% - 30% - 14:26
3 - 20% - 20% - 9:39
4 - 15% - 10% - 7:08
Normal Defense
1 - 41% - 40% - 19:25
2 - 31% - 30% - 14:52
3 - 25% - 20% - 11:47
4 - 4% - 10% - 1:50
PP Forward
1 - 51% - 60% - 1:01
2 - 49% - 40% - 0:58
PP Defense
1 - 55% - 60% - 1:05
2 - 45% - 40% - 0:54
PK Forward
1 - 68% - 60% - 6:52
2 - 32% - 40% - 3:15
PK Defense
1 - 55% - 60% - 5:36
2 - 45% - 40% - 4:31
PK3 Forward
1 - 0% - 60%
2 - 0% - 40%
PK3 Defense
1 - 0% - 60%
2 - 0% - 40%
44 Forward
1 - 0% - 60%
2 - 0% - 40%
44 Defense
1 - 0% - 60%
2 - 0% - 40%
Last Minute Offensive - 0:00
Last Minute Defensive - 0:00
Total
Forward - 60:00
Defense - 60:00
|
% Time on Ice - Ste. Rose Royals
Lines # - Real PCT - Wanted PCT - Time Play
Normal Forward
1 - 35% - 40% - 16:39
2 - 28% - 30% - 13:14
3 - 25% - 20% - 12:01
4 - 13% - 10% - 6:00
Normal Defense
1 - 41% - 40% - 19:30
2 - 30% - 30% - 14:11
3 - 23% - 20% - 11:08
4 - 6% - 10% - 3:05
PP Forward
1 - 52% - 60% - 5:18
2 - 48% - 40% - 4:49
PP Defense
1 - 56% - 60% - 5:38
2 - 44% - 40% - 4:29
PK Forward
1 - 100% - 60% - 1:59
2 - 0% - 40% - 0:00
PK Defense
1 - 61% - 60% - 1:12
2 - 39% - 40% - 0:47
PK3 Forward
1 - 0% - 60%
2 - 0% - 40%
PK3 Defense
1 - 0% - 60%
2 - 0% - 40%
44 Forward
1 - 0% - 60%
2 - 0% - 40%
44 Defense
1 - 0% - 60%
2 - 0% - 40%
Last Minute Offensive - 0:00
Last Minute Defensive - 0:00
Total
Forward - 60:00
Defense - 60:00
|
Play-by-Play
1st period
0:01 of 1st period - Sean Monahan wins face-off versus Noel Acciari in neutral zone.
0:26 of 1st period - Derek Ryan is hit by Raphael Lavoie and loses puck.
0:33 of 1st period - Snap shot by Nicolas Deslauriers.
0:33 of 1st period - Stopped by Pavel Francouz with a rebound.
0:57 of 1st period - Off-side.
0:58 of 1st period - Noel Acciari wins face-off versus Semyon Der-Arguchintsev in neutral zone.
1:23 of 1st period - Nathan Beaulieu is hit by Alex Chiasson and loses puck.
1:59 of 1st period - Joel Armia is hit by Alex Chiasson and loses puck.
2:20 of 1st period - Snap shot by Raphael Lavoie.
2:20 of 1st period - Stopped by Pavel Francouz with a rebound.
2:34 of 1st period - Snap shot by Drew O'Connor.
2:34 of 1st period - Stopped by Pavel Francouz with a rebound.
3:40 of 1st period - Semyon Der-Arguchintsev is hit by Matthew Peca and loses puck.
4:26 of 1st period - Riley Barber is hit by Ryan Poehling and loses puck.
5:13 of 1st period - Mike Reilly is hit by Max Comtois and loses puck.
5:51 of 1st period - Mike Reilly is hit by Filip Hallander and loses puck.
6:06 of 1st period - Nathan Beaulieu is hit by Nicolas Deslauriers.
6:23 of 1st period - Icing by Derek Ryan.
6:24 of 1st period - Derek Ryan wins face-off versus Sean Monahan in Ste. Rose Royals zone.
6:45 of 1st period - Colin Blackwell is hit by Raphael Lavoie and loses puck.
7:02 of 1st period - Wrist shot by Kaapo Kakko.
7:02 of 1st period - Shot Misses the Net.
7:04 of 1st period - Slapshot by Colin Blackwell.
7:04 of 1st period - Goal by Colin Blackwell - Newfoundland Shamrocks : 0 - Ste. Rose Royals : 1.
7:05 of 1st period - Noel Acciari wins face-off versus Sean Monahan in neutral zone.
7:32 of 1st period - Mike Reilly is hit by Max Comtois and loses puck.
8:06 of 1st period - Off-side.
8:07 of 1st period - Semyon Der-Arguchintsev wins face-off versus Derek Ryan in neutral zone.
8:15 of 1st period - Minor Penalty to Alec Regula for Holding.
8:16 of 1st period - Sean Monahan wins face-off versus Noel Acciari in Newfoundland Shamrocks zone.
8:41 of 1st period - Jon Merrill is hit by Derek Ryan and loses puck.
8:50 of 1st period - Wrist shot by Colin Blackwell.
8:50 of 1st period - Deflect By Derek Ryan.
8:50 of 1st period - Shot Blocked by Dylan Coghlan.
8:50 of 1st period - Puck is out of play.
8:51 of 1st period - Sean Monahan wins face-off versus Noel Acciari in Newfoundland Shamrocks zone.
9:21 of 1st period - Wrist shot by Kaapo Kakko.
9:21 of 1st period - Shot Misses the Net.
9:43 of 1st period - Derek Ryan is hit by Filip Hallander.
10:15 of 1st period - Penalty to Alec Regula is over, Alec Regula is back on ice.
10:23 of 1st period - Snap shot by Filip Hallander.
10:23 of 1st period - Stopped by Pavel Francouz without a rebound.
10:24 of 1st period - Semyon Der-Arguchintsev wins face-off versus Matthew Peca in Ste. Rose Royals zone.
10:25 of 1st period - Snap shot by Filip Hallander.
10:25 of 1st period - Stopped by Pavel Francouz without a rebound.
10:26 of 1st period - Matthew Peca wins face-off versus Semyon Der-Arguchintsev in Ste. Rose Royals zone.
10:35 of 1st period - Snap shot by Matthew Peca.
10:35 of 1st period - Shot Misses the Net.
10:37 of 1st period - Slapshot by Jaycob Megna.
10:37 of 1st period - Shot Misses the Net.
10:45 of 1st period - Wrist shot by Ryan Poehling.
10:45 of 1st period - Stopped by Louis Domingue without a rebound.
10:46 of 1st period - Sean Monahan wins face-off versus Trevor Lewis in Newfoundland Shamrocks zone.
11:11 of 1st period - Jaycob Megna is hit by Jon Merrill and loses puck.
11:16 of 1st period - Wrist shot by Max Comtois.
11:16 of 1st period - Shot Blocked by Mike Reilly.
11:18 of 1st period - Slapshot by Ville Heinola.
11:18 of 1st period - Shot Misses the Net.
11:20 of 1st period - Wrist shot by Nicolas Deslauriers.
11:20 of 1st period - Stopped by Pavel Francouz without a rebound.
11:21 of 1st period - Sean Monahan wins face-off versus Noel Acciari in Ste. Rose Royals zone.
11:24 of 1st period - Wrist shot by Alex Chiasson.
11:24 of 1st period - Shot Misses the Net.
11:26 of 1st period - Snap shot by Ville Heinola.
11:26 of 1st period - Shot Hit the Post.
11:28 of 1st period - Wrist shot by Sean Monahan.
11:28 of 1st period - Shot Blocked by Mark Borowiecki.
11:30 of 1st period - Wrist shot by Alex Chiasson.
11:30 of 1st period - Stopped by Pavel Francouz without a rebound.
11:31 of 1st period - Sean Monahan wins face-off versus Noel Acciari in Ste. Rose Royals zone.
11:34 of 1st period - Wrist shot by Denis Gurianov.
11:34 of 1st period - Stopped by Pavel Francouz with a rebound.
12:02 of 1st period - Wrist shot by Sean Monahan.
12:02 of 1st period - Shot Blocked by Noel Acciari.
12:04 of 1st period - Snap shot by Denis Gurianov.
12:04 of 1st period - Shot Misses the Net.
12:06 of 1st period - Snap shot by Denis Gurianov.
12:06 of 1st period - Stopped by Pavel Francouz without a rebound.
12:07 of 1st period - Nicolas Deslauriers wins face-off versus Kaapo Kakko in Ste. Rose Royals zone.
12:08 of 1st period - Snap shot by Max Comtois.
12:08 of 1st period - Shot Misses the Net.
12:32 of 1st period - Matthew Peca is hit by Drew O'Connor and loses puck.
13:26 of 1st period - Snap shot by Kaapo Kakko.
13:26 of 1st period - Stopped by Louis Domingue with a rebound.
13:28 of 1st period - Snap shot by Derek Ryan.
13:28 of 1st period - Stopped by Louis Domingue with a rebound.
13:38 of 1st period - Minor Penalty to Ville Heinola for Elbowing.
13:39 of 1st period - Sean Monahan wins face-off versus Noel Acciari in Newfoundland Shamrocks zone.
15:38 of 1st period - Penalty to Ville Heinola is over, Ville Heinola is back on ice.
15:43 of 1st period - Snap shot by Alex Chiasson.
15:43 of 1st period - Shot Misses the Net.
16:23 of 1st period - Mike Reilly is hit by Alec Regula and loses puck.
16:34 of 1st period - Raphael Lavoie is hit by Grigori Denisenko.
16:54 of 1st period - Joel Hanley is hit by Filip Hallander.
17:15 of 1st period - Icing by Dylan Coghlan.
17:16 of 1st period - Derek Ryan wins face-off versus Tanner Laczynski in Newfoundland Shamrocks zone.
17:55 of 1st period - Slapshot by Sean Monahan.
17:55 of 1st period - Goal by Sean Monahan - Newfoundland Shamrocks : 1 - Ste. Rose Royals : 1.
17:56 of 1st period - Noel Acciari wins face-off versus Sean Monahan in neutral zone.
18:30 of 1st period - Slapshot by Kaapo Kakko.
18:30 of 1st period - Shot Misses the Net.
18:32 of 1st period - Slapshot by Mike Reilly.
18:32 of 1st period - Stopped by Louis Domingue with a rebound.
18:34 of 1st period - Snap shot by Derek Ryan.
18:34 of 1st period - Shot Misses the Net.
18:50 of 1st period - Wrist shot by Riley Barber.
18:50 of 1st period - Shot Misses the Net.
18:52 of 1st period - Wrist shot by Tanner Laczynski.
18:52 of 1st period - Goal by Tanner Laczynski - Newfoundland Shamrocks : 2 - Ste. Rose Royals : 1.
18:53 of 1st period - Noel Acciari wins face-off versus Sean Monahan in neutral zone.
19:07 of 1st period - Off-side.
19:08 of 1st period - Noel Acciari wins face-off versus Raphael Lavoie in neutral zone.
19:11 of 1st period - Raphael Lavoie is hit by Mike Reilly and loses puck.
19:31 of 1st period - Icing by Joel Armia.
19:32 of 1st period - Sean Monahan wins face-off versus Noel Acciari in Ste. Rose Royals zone.
19:35 of 1st period - Snap shot by Sean Monahan.
19:35 of 1st period - Stopped by Pavel Francouz without a rebound.
19:36 of 1st period - Sean Monahan wins face-off versus Colin Blackwell in Ste. Rose Royals zone.
19:52 of 1st period - Off-side.
19:53 of 1st period - Raphael Lavoie wins face-off versus Noel Acciari in neutral zone.
Goals for this period are 2 for Newfoundland Shamrocks vs 1 for Ste. Rose Royals.
Shots for this period are 12 for Newfoundland Shamrocks vs 5 for Ste. Rose Royals.
2nd period
0:01 of 2nd period - Sean Monahan wins face-off versus Noel Acciari in neutral zone.
0:04 of 2nd period - Snap shot by Alex Chiasson.
0:04 of 2nd period - Stopped by Pavel Francouz with a rebound.
0:06 of 2nd period - Wrist shot by Denis Gurianov.
0:06 of 2nd period - Stopped by Pavel Francouz with a rebound.
0:08 of 2nd period - Slapshot by Denis Gurianov.
0:08 of 2nd period - Shot Misses the Net.
0:16 of 2nd period - Jaycob Megna is hit by Sean Monahan and loses puck.
0:35 of 2nd period - Snap shot by Kaapo Kakko.
0:35 of 2nd period - Shot Misses the Net.
0:49 of 2nd period - Wrist shot by Max Comtois.
0:49 of 2nd period - Stopped by Pavel Francouz without a rebound.
0:50 of 2nd period - Matthew Peca wins face-off versus Drew O'Connor in Ste. Rose Royals zone.
0:50 of 2nd period - Matthew Peca is hit by Tanner Laczynski.
1:00 of 2nd period - Wrist shot by Drew O'Connor.
1:00 of 2nd period - Shot Blocked by Mark Borowiecki.
1:02 of 2nd period - Snap shot by Alec Regula.
1:02 of 2nd period - Shot Blocked by Mark Borowiecki.
1:38 of 2nd period - Icing by Max Comtois.
1:39 of 2nd period - Derek Ryan wins face-off versus Raphael Lavoie in Newfoundland Shamrocks zone.
1:40 of 2nd period - Wrist shot by Kaapo Kakko.
1:40 of 2nd period - Stopped by Louis Domingue with a rebound.
1:42 of 2nd period - Wrist shot by Derek Ryan.
1:42 of 2nd period - Shot Misses the Net.
1:44 of 2nd period - Slapshot by Derek Ryan.
1:44 of 2nd period - Shot Blocked by Jacob Bernard-Docker.
1:46 of 2nd period - Snap shot by Kaapo Kakko.
1:46 of 2nd period - Shot Blocked by Jacob Bernard-Docker.
1:48 of 2nd period - Slapshot by Mike Reilly.
1:48 of 2nd period - Shot Blocked by Jacob Bernard-Docker.
1:50 of 2nd period - Wrist shot by Derek Ryan.
1:50 of 2nd period - Goal by Derek Ryan - Newfoundland Shamrocks : 2 - Ste. Rose Royals : 2.
1:51 of 2nd period - Noel Acciari wins face-off versus Sean Monahan in neutral zone.
2:10 of 2nd period - Joel Armia is hit by Alex Chiasson and loses puck.
2:29 of 2nd period - Snap shot by Max Comtois.
2:29 of 2nd period - Stopped by Pavel Francouz with a rebound.
4:04 of 2nd period - Joel Hanley is hit by Denis Gurianov and loses puck.
4:41 of 2nd period - Off-side.
4:42 of 2nd period - Semyon Der-Arguchintsev wins face-off versus Kristian Vesalainen in neutral zone.
4:42 of 2nd period - Grigori Denisenko and Sam Poulin fight to a draw.
4:42 of 2nd period - Penalty to Grigori Denisenko for Fighting.
4:42 of 2nd period - Penalty to Sam Poulin for Fighting.
4:43 of 2nd period - Sean Monahan wins face-off versus Noel Acciari in neutral zone.
4:46 of 2nd period - Slapshot by Denis Gurianov.
4:46 of 2nd period - Stopped by Pavel Francouz with a rebound.
4:48 of 2nd period - Snap shot by Denis Gurianov.
4:48 of 2nd period - Shot Misses the Net.
4:50 of 2nd period - Snap shot by Sean Monahan.
4:50 of 2nd period - Shot Misses the Net.
4:52 of 2nd period - Snap shot by Denis Gurianov.
4:52 of 2nd period - Shot Blocked by Noel Acciari.
4:54 of 2nd period - Slapshot by Jon Merrill.
4:54 of 2nd period - Shot Misses the Net.
4:56 of 2nd period - Snap shot by Denis Gurianov.
4:56 of 2nd period - Stopped by Pavel Francouz with a rebound.
4:58 of 2nd period - Wrist shot by Denis Gurianov.
4:58 of 2nd period - Shot Misses the Net.
5:14 of 2nd period - Snap shot by Trevor Lewis.
5:14 of 2nd period - Shot Blocked by Alec Regula.
5:16 of 2nd period - Slapshot by Jaycob Megna.
5:16 of 2nd period - Shot Blocked by Tanner Laczynski.
5:22 of 2nd period - Snap shot by Trevor Lewis.
5:22 of 2nd period - Stopped by Louis Domingue with a rebound.
5:24 of 2nd period - Snap shot by Trevor Lewis.
5:24 of 2nd period - Shot Misses the Net.
5:26 of 2nd period - Snap shot by Trevor Lewis.
5:26 of 2nd period - Stopped by Louis Domingue with a rebound.
5:28 of 2nd period - Slapshot by Jaycob Megna.
5:28 of 2nd period - Deflect By Trevor Lewis.
5:28 of 2nd period - Shot Misses the Net.
5:28 of 2nd period - Puck is out of play.
5:29 of 2nd period - Sean Monahan wins face-off versus Derek Ryan in Newfoundland Shamrocks zone.
5:40 of 2nd period - Snap shot by Sean Monahan.
5:40 of 2nd period - Shot Blocked by Mark Borowiecki.
5:42 of 2nd period - Slapshot by Dylan Coghlan.
5:42 of 2nd period - Shot Misses the Net.
6:15 of 2nd period - Snap shot by Brendan Perlini.
6:15 of 2nd period - Deflect By Noel Acciari.
6:15 of 2nd period - Shot Misses the Net.
6:15 of 2nd period - Puck is out of play.
6:16 of 2nd period - Tanner Laczynski wins face-off versus Kristian Vesalainen in Newfoundland Shamrocks zone.
6:16 of 2nd period - Tanner Laczynski is hit by Kristian Vesalainen.
6:26 of 2nd period - Wrist shot by Brendan Perlini.
6:26 of 2nd period - Stopped by Louis Domingue with a rebound.
6:28 of 2nd period - Wrist shot by Noel Acciari.
6:28 of 2nd period - Shot Misses the Net.
6:42 of 2nd period - Snap shot by Sean Monahan.
6:42 of 2nd period - Goal by Sean Monahan - Newfoundland Shamrocks : 3 - Ste. Rose Royals : 2.
6:43 of 2nd period - Sean Monahan wins face-off versus Noel Acciari in neutral zone.
7:24 of 2nd period - Wrist shot by Trevor Lewis.
7:24 of 2nd period - Shot Misses the Net.
7:26 of 2nd period - Minor Penalty to Alec Regula for Holding Stick.
7:27 of 2nd period - Drew O'Connor wins face-off versus Derek Ryan in Newfoundland Shamrocks zone.
7:32 of 2nd period - Mark Borowiecki is hit by Jon Merrill and loses puck.
7:43 of 2nd period - Snap shot by Kaapo Kakko.
7:43 of 2nd period - Shot Misses the Net.
8:40 of 2nd period - Ville Heinola is hit by Joel Armia and loses puck.
9:26 of 2nd period - Penalty to Alec Regula is over, Alec Regula is back on ice.
9:29 of 2nd period - Dylan Coghlan is hit by Kristian Vesalainen and loses puck.
10:00 of 2nd period - Snap shot by Jon Merrill.
10:00 of 2nd period - Deflect By Nicolas Deslauriers.
10:00 of 2nd period - Stopped by Pavel Francouz with a rebound.
10:16 of 2nd period - Ryan Poehling is hit by Filip Hallander and loses puck.
10:37 of 2nd period - Noel Acciari is hit by Max Comtois and loses puck.
10:58 of 2nd period - Backhand shot by Grigori Denisenko.
10:58 of 2nd period - Stopped by Louis Domingue with a rebound.
11:08 of 2nd period - Kaapo Kakko is hit by Semyon Der-Arguchintsev and loses puck.
11:21 of 2nd period - Jaycob Megna is hit by Jacob Bernard-Docker and loses puck.
11:32 of 2nd period - Mike Reilly is hit by Jon Merrill and loses puck.
12:10 of 2nd period - Jacob Bernard-Docker is hit by Trevor Lewis and loses puck.
12:55 of 2nd period - Greg Pateryn is hit by Jon Merrill and loses puck.
13:14 of 2nd period - Snap shot by Filip Hallander.
13:14 of 2nd period - Stopped by Pavel Francouz without a rebound.
13:15 of 2nd period - Sean Monahan wins face-off versus Matthew Peca in Ste. Rose Royals zone.
13:26 of 2nd period - Slapshot by Sean Monahan.
13:26 of 2nd period - Shot Blocked by Mark Borowiecki.
13:36 of 2nd period - Minor Penalty to Ville Heinola for Holding.
13:37 of 2nd period - Joel Armia wins face-off versus Sean Monahan in Newfoundland Shamrocks zone.
14:41 of 2nd period - Wrist shot by Colin Blackwell.
14:41 of 2nd period - Shot Misses the Net.
14:43 of 2nd period - Wrist shot by Kaapo Kakko.
14:43 of 2nd period - Stopped by Louis Domingue without a rebound.
14:44 of 2nd period - Noel Acciari wins face-off versus Nicolas Deslauriers in Newfoundland Shamrocks zone.
15:36 of 2nd period - Penalty to Ville Heinola is over, Ville Heinola is back on ice.
15:41 of 2nd period - Snap shot by Ville Heinola.
15:41 of 2nd period - Shot Misses the Net.
15:47 of 2nd period - Snap shot by Tanner Laczynski.
15:47 of 2nd period - Stopped by Pavel Francouz with a rebound.
16:06 of 2nd period - Wrist shot by Filip Hallander.
16:06 of 2nd period - Stopped by Pavel Francouz with a rebound.
16:08 of 2nd period - Snap shot by Nicolas Deslauriers.
16:08 of 2nd period - Stopped by Pavel Francouz with a rebound.
16:10 of 2nd period - Snap shot by Dylan Coghlan.
16:10 of 2nd period - Deflect By Nicolas Deslauriers.
16:10 of 2nd period - Shot Misses the Net.
16:10 of 2nd period - Puck is out of play.
16:11 of 2nd period - Raphael Lavoie wins face-off versus Matthew Peca in Ste. Rose Royals zone.
16:16 of 2nd period - Wrist shot by Nicolas Deslauriers.
16:16 of 2nd period - Shot Blocked by Mark Borowiecki.
16:24 of 2nd period - Snap shot by Ryan Poehling.
16:24 of 2nd period - Goal by Ryan Poehling - Newfoundland Shamrocks : 3 - Ste. Rose Royals : 3.
16:25 of 2nd period - Noel Acciari wins face-off versus Sean Monahan in neutral zone.
16:28 of 2nd period - Snap shot by Mike Reilly.
16:28 of 2nd period - Shot Hit the Post.
16:30 of 2nd period - Slapshot by Jaycob Megna.
16:30 of 2nd period - Shot Blocked by Jon Merrill.
16:32 of 2nd period - Slapshot by Noel Acciari.
16:32 of 2nd period - Goal by Noel Acciari - Newfoundland Shamrocks : 3 - Ste. Rose Royals : 4.
16:33 of 2nd period - Noel Acciari wins face-off versus Sean Monahan in neutral zone.
16:42 of 2nd period - Snap shot by Sean Monahan.
16:42 of 2nd period - Stopped by Pavel Francouz with a rebound.
16:44 of 2nd period - Wrist shot by Jon Merrill.
16:44 of 2nd period - Stopped by Pavel Francouz with a rebound.
16:46 of 2nd period - Slapshot by Dylan Coghlan.
16:46 of 2nd period - Shot Blocked by Mike Reilly.
16:48 of 2nd period - Wrist shot by Dylan Coghlan.
16:48 of 2nd period - Deflect By Denis Gurianov.
16:48 of 2nd period - Shot Misses the Net.
16:48 of 2nd period - Puck is out of play.
16:49 of 2nd period - Raphael Lavoie wins face-off versus Derek Ryan in Ste. Rose Royals zone.
17:27 of 2nd period - Wrist shot by Alex Chiasson.
17:27 of 2nd period - Stopped by Pavel Francouz without a rebound.
17:28 of 2nd period - Matthew Peca wins face-off versus Tanner Laczynski in Ste. Rose Royals zone.
17:45 of 2nd period - Klim Kostin is hit by Alec Regula.
18:08 of 2nd period - Slapshot by Sean Monahan.
18:08 of 2nd period - Shot Misses the Net.
18:57 of 2nd period - Jaycob Megna is hit by Drew O'Connor and loses puck.
19:38 of 2nd period - Snap shot by Sam Poulin.
19:38 of 2nd period - Shot Misses the Net.
Goals for this period are 1 for Newfoundland Shamrocks vs 3 for Ste. Rose Royals.
Shots for this period are 15 for Newfoundland Shamrocks vs 9 for Ste. Rose Royals.
3rd period
0:01 of 3rd period - Noel Acciari wins face-off versus Sean Monahan in neutral zone.
0:14 of 3rd period - Slapshot by Joel Armia.
0:14 of 3rd period - Stopped by Louis Domingue with a rebound.
0:49 of 3rd period - Greg Pateryn is hit by Alec Regula and loses puck.
0:54 of 3rd period - Snap shot by Semyon Der-Arguchintsev.
0:54 of 3rd period - Stopped by Pavel Francouz with a rebound.
0:56 of 3rd period - Slapshot by Jacob Bernard-Docker.
0:56 of 3rd period - Stopped by Pavel Francouz with a rebound.
0:58 of 3rd period - Snap shot by Sam Poulin.
0:58 of 3rd period - Stopped by Pavel Francouz without a rebound.
0:59 of 3rd period - Sean Monahan wins face-off versus Noel Acciari in Ste. Rose Royals zone.
1:12 of 3rd period - Snap shot by Sean Monahan.
1:12 of 3rd period - Shot Misses the Net.
1:14 of 3rd period - Snap shot by Sean Monahan.
1:14 of 3rd period - Shot Misses the Net.
3:12 of 3rd period - Icing by Nathan Beaulieu.
3:13 of 3rd period - Raphael Lavoie wins face-off versus Derek Ryan in Ste. Rose Royals zone.
3:24 of 3rd period - Wrist shot by Max Comtois.
3:24 of 3rd period - Stopped by Pavel Francouz with a rebound.
3:26 of 3rd period - Snap shot by Raphael Lavoie.
3:26 of 3rd period - Goal by Raphael Lavoie - Newfoundland Shamrocks : 4 - Ste. Rose Royals : 4.
3:27 of 3rd period - Sean Monahan wins face-off versus Noel Acciari in neutral zone.
3:52 of 3rd period - Denis Gurianov is hit by Mark Borowiecki and loses puck.
4:03 of 3rd period - Off-side.
4:04 of 3rd period - Noel Acciari wins face-off versus Raphael Lavoie in neutral zone.
4:09 of 3rd period - Slapshot by Ville Heinola.
4:09 of 3rd period - Stopped by Pavel Francouz without a rebound.
4:10 of 3rd period - Nicolas Deslauriers wins face-off versus Joel Armia in Ste. Rose Royals zone.
4:11 of 3rd period - Snap shot by Max Comtois.
4:11 of 3rd period - Stopped by Pavel Francouz without a rebound.
4:12 of 3rd period - Raphael Lavoie wins face-off versus Noel Acciari in Ste. Rose Royals zone.
4:25 of 3rd period - Snap shot by Max Comtois.
4:25 of 3rd period - Shot Misses the Net.
4:27 of 3rd period - Snap shot by Nicolas Deslauriers.
4:27 of 3rd period - Shot Misses the Net.
4:33 of 3rd period - Minor Penalty to Noel Acciari for Tripping.
4:34 of 3rd period - Raphael Lavoie wins face-off versus Ryan Poehling in Ste. Rose Royals zone.
5:09 of 3rd period - Wrist shot by Denis Gurianov.
5:09 of 3rd period - Stopped by Pavel Francouz with a rebound.
5:29 of 3rd period - Slapshot by Derek Ryan.
5:29 of 3rd period - Stopped by Louis Domingue with a rebound.
6:30 of 3rd period - Riley Barber is hit by Grigori Denisenko and loses puck.
6:33 of 3rd period - Penalty to Noel Acciari is over, Noel Acciari is back on ice.
6:50 of 3rd period - Tanner Laczynski is hit by Kaapo Kakko.
8:13 of 3rd period - Jon Merrill is hit by Greg Pateryn and loses puck.
9:06 of 3rd period - Alec Regula is hit by Mark Borowiecki and loses puck.
9:11 of 3rd period - Wrist shot by Brendan Perlini.
9:11 of 3rd period - Stopped by Louis Domingue without a rebound.
9:12 of 3rd period - Tanner Laczynski wins face-off versus Kristian Vesalainen in Newfoundland Shamrocks zone.
9:17 of 3rd period - Slapshot by Grigori Denisenko.
9:17 of 3rd period - Stopped by Louis Domingue without a rebound.
9:18 of 3rd period - Trevor Lewis wins face-off versus Semyon Der-Arguchintsev in Newfoundland Shamrocks zone.
9:19 of 3rd period - Snap shot by Noel Acciari.
9:19 of 3rd period - Stopped by Louis Domingue without a rebound.
9:20 of 3rd period - Semyon Der-Arguchintsev wins face-off versus Noel Acciari in Newfoundland Shamrocks zone.
9:26 of 3rd period - Icing by Wyatte Wylie.
9:27 of 3rd period - Trevor Lewis wins face-off versus Semyon Der-Arguchintsev in Newfoundland Shamrocks zone.
9:34 of 3rd period - Snap shot by Joel Armia.
9:34 of 3rd period - Stopped by Louis Domingue with a rebound.
9:36 of 3rd period - Snap shot by Mike Reilly.
9:36 of 3rd period - Stopped by Louis Domingue with a rebound.
9:38 of 3rd period - Wrist shot by Joel Armia.
9:38 of 3rd period - Deflect By Trevor Lewis.
9:38 of 3rd period - Shot Misses the Net.
9:38 of 3rd period - Puck is out of play.
9:39 of 3rd period - Sean Monahan wins face-off versus Noel Acciari in Newfoundland Shamrocks zone.
9:45 of 3rd period - Off-side.
9:46 of 3rd period - Denis Gurianov wins face-off versus Noel Acciari in neutral zone.
9:55 of 3rd period - Wrist shot by Sean Monahan.
9:55 of 3rd period - Stopped by Pavel Francouz without a rebound.
9:56 of 3rd period - Sean Monahan wins face-off versus Noel Acciari in Ste. Rose Royals zone.
10:11 of 3rd period - Snap shot by Joel Armia.
10:11 of 3rd period - Stopped by Louis Domingue with a rebound.
10:21 of 3rd period - Kaapo Kakko is hit by Max Comtois and loses puck.
10:26 of 3rd period - Snap shot by Raphael Lavoie.
10:26 of 3rd period - Shot Misses the Net.
10:33 of 3rd period - Minor Penalty to Ville Heinola for High sticking.
10:34 of 3rd period - Sean Monahan wins face-off versus Noel Acciari in Newfoundland Shamrocks zone.
11:10 of 3rd period - Wrist shot by Kaapo Kakko.
11:10 of 3rd period - Stopped by Louis Domingue without a rebound.
11:11 of 3rd period - Noel Acciari wins face-off versus Tanner Laczynski in Newfoundland Shamrocks zone.
11:48 of 3rd period - Snap shot by Greg Pateryn.
11:48 of 3rd period - Deflect By Drew O'Connor.
11:48 of 3rd period - Stopped by Louis Domingue with a rebound.
11:50 of 3rd period - Snap shot by Mark Borowiecki.
11:50 of 3rd period - Deflect By Kaapo Kakko.
11:50 of 3rd period - Stopped by Louis Domingue with a rebound.
11:52 of 3rd period - Slapshot by Mark Borowiecki.
11:52 of 3rd period - Stopped by Louis Domingue with a rebound.
12:33 of 3rd period - Penalty to Ville Heinola is over, Ville Heinola is back on ice.
13:40 of 3rd period - Minor Penalty to Ville Heinola for Roughing.
13:41 of 3rd period - Noel Acciari wins face-off versus Sean Monahan in Newfoundland Shamrocks zone.
13:48 of 3rd period - Backhand shot by Noel Acciari.
13:48 of 3rd period - Shot Misses the Net.
13:50 of 3rd period - Snap shot by Noel Acciari.
13:50 of 3rd period - Shot Blocked by Wyatte Wylie.
13:52 of 3rd period - Wrist shot by Noel Acciari.
13:52 of 3rd period - Deflect By Joel Armia.
13:52 of 3rd period - Goal by Joel Armia - Newfoundland Shamrocks : 4 - Ste. Rose Royals : 5.
13:53 of 3rd period - Sean Monahan wins face-off versus Noel Acciari in neutral zone.
14:06 of 3rd period - Snap shot by Sean Monahan.
14:06 of 3rd period - Shot Blocked by Mike Reilly.
14:08 of 3rd period - Wrist shot by Denis Gurianov.
14:08 of 3rd period - Stopped by Pavel Francouz without a rebound.
14:09 of 3rd period - Derek Ryan wins face-off versus Raphael Lavoie in Ste. Rose Royals zone.
14:20 of 3rd period - Backhand shot by Nicolas Deslauriers.
14:20 of 3rd period - Stopped by Pavel Francouz with a rebound.
14:22 of 3rd period - Snap shot by Raphael Lavoie.
14:22 of 3rd period - Stopped by Pavel Francouz without a rebound.
14:23 of 3rd period - Noel Acciari wins face-off versus Sean Monahan in Ste. Rose Royals zone.
14:58 of 3rd period - Ville Heinola is hit by Mike Reilly and loses puck.
15:23 of 3rd period - Snap shot by Riley Barber.
15:23 of 3rd period - Shot Misses the Net.
16:10 of 3rd period - Wyatte Wylie is hit by Klim Kostin and loses puck.
16:14 of 3rd period - Icing by Raphael Lavoie.
16:15 of 3rd period - Noel Acciari wins face-off versus Raphael Lavoie in Newfoundland Shamrocks zone.
17:06 of 3rd period - Snap shot by Kaapo Kakko.
17:06 of 3rd period - Shot Misses the Net.
17:08 of 3rd period - Wrist shot by Kaapo Kakko.
17:08 of 3rd period - Deflect By Colin Blackwell.
17:08 of 3rd period - Stopped by Louis Domingue without a rebound.
17:09 of 3rd period - Derek Ryan wins face-off versus Sean Monahan in Newfoundland Shamrocks zone.
17:45 of 3rd period - Snap shot by Noel Acciari.
17:45 of 3rd period - Goal by Noel Acciari - Newfoundland Shamrocks : 4 - Ste. Rose Royals : 6.
17:46 of 3rd period - Tanner Laczynski wins face-off versus Noel Acciari in neutral zone.
19:20 of 3rd period - Joel Hanley is hit by Sean Monahan and loses puck.
19:41 of 3rd period - Wyatte Wylie is hit by Kristian Vesalainen and loses puck.
19:50 of 3rd period - Slapshot by Matthew Peca.
19:50 of 3rd period - Stopped by Louis Domingue with a rebound.
Goals for this period are 1 for Newfoundland Shamrocks vs 2 for Ste. Rose Royals.
Shots for this period are 12 for Newfoundland Shamrocks vs 16 for Ste. Rose Royals.
Back to the Top